 Dungeon Crawl Stone Soup version 0.17-a0-1079-g9903972 (console) character file.

1577 Monkaria the Carver (level 8, 0/60 HPs)
             Began as a Demonspawn Chaos Knight on May 19, 2015.
             Shot with a bolt by an orc warrior (12 damage)
             ... in a bailey.
             The game lasted 00:12:55 (6550 turns).

Monkaria the Carver (Demonspawn Chaos Knight)       Turns: 6550, Time: 00:12:55

Health: 0/60       AC:  7    Str: 13    XL:     8   Next: 60%
Magic:  0/8        EV: 11    Int: 12    God:    Xom [.*....]
Gold:   186        SH:  0    Dex: 12    Spells: 0 memorised, 7 levels left

rFire  + + .     SeeInvis .     a - +0 falchion (chaos)
rCold  . . .     Clarity  .     b - +2 leather armour (curse)
rNeg   . . .     SustAb   .     (no shield)
rPois  +         Gourm    .     (helmet restricted)
rElec  .         Spirit   +     (no cloak)
rCorr  .         Warding  .     (no gloves)
rMut   .         Stasis   .     (no boots)
MR     .....                    p - amulet of guardian spirit (curse)
Stlth  +.........               o - -2 ring of intelligence (curse)
                                m - +2 ring of strength

@: confused, not resistant to hostile enchantments, very unstealthy
A: horns 1, large bone plates 1, fire resistance 2, poison resistance, weak 2,
no device heal 1, subdued magic 1
a: Renounce Religion


You were in a bailey.
You worshipped Xom.
You were a plaything of Xom.
You were not hungry.

You visited 2 branches of the dungeon, and saw 8 of its levels.
You also visited: Bailey.

You collected 354 gold pieces.
You spent 168 gold pieces at shops.

Inventory:

Hand weapons
 a - a +0 falchion of chaos (weapon)
Missiles
 j - 24 poisoned needles
 y - a throwing net (quivered)
Armour
 b - a cursed +2 leather armour (worn)
Jewellery
 i - an uncursed ring of wizardry
 m - a +2 ring of strength (left hand)
 o - a cursed -2 ring of intelligence (right hand)
 p - a cursed amulet of guardian spirit (around neck)
 D - an uncursed ring of poison resistance
Magical devices
 q - a wand of slowing (31)
Scrolls
 d - 3 scrolls of remove curse
 g - a scroll of teleportation
 k - a scroll of immolation
 n - 2 scrolls of recharging
 t - a scroll of magic mapping
 u - a scroll of noise {unknown}
 w - a scroll of fear {unknown}
 B - a scroll of enchant weapon {unknown}
Potions
 e - a potion of might
 l - 3 potions of brilliance
 s - 2 potions of agility
 x - a potion of haste
 z - a potion of beneficial mutation
Miscellaneous
 f - a legendary deck of changes {drawn: 2}
Comestibles
 c - 6 bread rations
 h - a meat ration
 r - 10 fruits
 E - a slice of pizza


   Skills:
 - Level 4.0 Fighting
 - Level 10.0 Long Blades
 + Level 2.0 Armour
 - Level 0.8 Dodging


You had 7 spell levels left.
You didn't know any spells.

Dungeon Overview and Level Annotations

Branches:
Dungeon (7/15)             Temple (1/1) D:6

Altars:
Ashenzari
Cheibriados
Dithmenos
Fedhas
Gozag
Kikubaaqudgha
Makhleb
Nemelex Xobeh
Okawaru
Qazlal
Ru
Sif Muna
Vehumet
Xom

Shops:
D:4 *[?(


Innate Abilities, Weirdness & Mutations

You have a pair of small horns on your head.
You are partially covered in large bone plates (AC +2, SH +2).
Your flesh is very heat resistant.
Your system is resistant to poisons.
You are very weak. (Str -4)
Potions and wands are less effective at restoring your health.
Your spells are a little easier to cast, but a little less powerful.


Message History

The orc warrior shoots a bolt.
The bolt hits you!
* * * LOW HITPOINT WARNING * * *
You see here 3 bolts.
Read which item? (? for menu, Esc to quit)
Okay, then.
Drink which item? (? for menu, Esc to quit)
You are confused.
You feel invigorated.
The orc shoots a bolt.
The bolt hits you but does no damage.
The orc warrior shoots a bolt.
The bolt hits you!
* * * LOW HITPOINT WARNING * * *
You bump into the rock wall.
The orc warrior shoots a bolt.
The bolt hits you!
* * * LOW HITPOINT WARNING * * *
Drink which item? (? for menu, Esc to quit)
You feel much better.
The orc shoots a bolt.
The bolt closely misses you.
The orc warrior shoots a bolt.
The bolt hits you!!
* * * LOW HITPOINT WARNING * * *
The orc warrior shoots a bolt.
The bolt hits you!
You die...
Xom chortles!

#......≈##
#......≈≈
#.......≈
#(.......
#(o......
#(.......
#(.o.....
#........
#@....o..
#(.......
#........
#(.......
#(.......
#........
#.......≈
#......≈≈
#......≈#


You could see 2 orc warriors and an orc.

Vanquished Creatures
  Menkaure (D:5)
  2 ice beasts (D:5)
  A phantom (D:6)
  3 ogres
  A centaur (D:3)
  A giant frog (D:6)
  2 scorpions
  2 hounds
  2 jellies (D:6)
  An orc wizard (D:6)
  A gnoll shaman (D:5)
  3 worker ants
  A killer bee zombie (D:5)
  10 adders
  14 gnolls
  A river rat (D:2)
  2 shadow imps (D:6)
  An adder skeleton (D:5)
  A worm (D:2)
  2 giant geckos (D:4)
  16 orcs
  2 ball pythons
  13 bats
  6 giant cockroaches
  16 goblins
  12 hobgoblins
  8 kobolds
  A quokka (D:3)
  A giant cockroach zombie (D:6)
  A giant gecko skeleton (D:5)
  3 giant newts
  A jackal (D:2)
  2 quokka skeletons
  13 rats
147 creatures vanquished.

Vanquished Creatures (collateral kills)
  A centaur (D:6)
  A goblin (D:7)
  A giant newt (D:1)
3 creatures vanquished.

Grand Total: 150 creatures vanquished

Notes
Turn   | Place    | Note
--------------------------------------------------------------
     0 | D:1      | Monkaria the Demonspawn Chaos Knight began the quest for the Orb.
     0 | D:1      | Reached XP level 1. HP: 18/18 MP: 1/1
   169 | D:1      | XOM: harmless Summ miscast
   197 | D:1      | Gained mutation: You have a pair of small horns on your head. [demonic ancestry]
   197 | D:1      | Reached XP level 2. HP: 24/24 MP: 2/2
   369 | D:1      | Reached skill level 4 in Fighting
   450 | D:1      | Reached XP level 3. HP: 26/30 MP: 3/3
   941 | D:1      | XOM: god gift: sapphire potion
   988 | D:1      | XOM: harmless Fire miscast
  1100 | D:2      | XOM: god gift: meat ration
  1120 | D:2      | XOM: god gift: coppery potion
  1236 | D:2      | Reached XP level 4. HP: 30/37 MP: 4/4
  1280 | D:2      | Found a shattered altar of Ashenzari.
  1338 | D:2      | XOM: polymorph adder -> river rat
  1408 | D:2      | XOM: scenery: 1 doors close
  1463 | D:3      | Noticed a centaur
  1479 | D:3      | Killed a centaur
  1479 | D:3      | Reached XP level 5. HP: 38/42 MP: 5/5
  1527 | D:3      | Reached skill level 5 in Long Blades
  1533 | D:3      | Found an opulent altar of Gozag.
  1541 | D:3      | XOM: vitrification
  1800 | D:3      | Found a burning altar of Makhleb.
  2167 | D:3      | XOM: god gift: legendary deck of cards {god gift}
  2247 | D:3      | Found a deep blue altar of Sif Muna.
  2374 | D:4      | Noticed an ogre
  2380 | D:4      | Killed an ogre
  2380 | D:4      | Gained mutation: You are partially covered in large bone plates (AC +2, SH +2). [demonic ancestry]
  2380 | D:4      | Reached XP level 6. HP: 48/48 MP: 6/6
  2417 | D:4      | Found Aroxobu's Assorted Antiques.
  2424 | D:4      | Bought a scroll labeled TAUXIURH HIUNU for 21 gold pieces
  2424 | D:4      | Bought a sedimented amethyst potion for 18 gold pieces
  2424 | D:4      | Bought a potion of heal wounds for 105 gold pieces
  2487 | D:4      | Reached skill level 6 in Long Blades
  2513 | D:4      | Noticed an ogre
  2514 | D:4      | XOM: enchant monster (good)
  2542 | D:4      | Found Hust's Weapon Shoppe.
  2553 | D:4      | Killed an ogre
  2582 | D:4      | XOM: potion effect (heal wounds)
  2641 | D:4      | Found Hoyjeum's Magic Scroll Shoppe.
  2654 | D:4      | Bought a scroll of identify for 24 gold pieces
  2663 | D:4      | Found Ataysoc's Armour Emporium.
  2787 | D:4      | XOM: harmless Necr miscast
  2969 | D:4      | XOM: medium Chrm miscast
  2978 | D:4      | XOM: harmless Erth miscast
  3015 | D:5      | Entered Level 5 of the Dungeon
  3015 | D:5      | Noticed Menkaure
  3018 | D:5      | XOM: stat loss: -1 Dex (11/12)
  3025 | D:5      | Killed Menkaure
  3025 | D:5      | Reached skill level 7 in Long Blades
  3025 | D:5      | Reached XP level 7. HP: 3/54 MP: 7/7
  3240 | D:4      | XOM: stat loss: -1 Str (16/17)
  3257 | D:4      | XOM: give mutations
  3257 | D:4      | Gained mutation: Potions and wands are less effective at restoring your health. [Xom's mischief]
  3257 | D:4      | Gained mutation: You are dopey. (Int -2) [Xom's mischief]
  3257 | D:4      | Lost mutation: You are dopey. (Int -2) [Xom's mischief]
  3257 | D:4      | Gained mutation: You are weak. (Str -2) [Xom's mischief]
  3879 | D:5      | Reached skill level 8 in Long Blades
  3936 | D:5      | XOM: mild Divn miscast
  3938 | D:5      | XOM: blink monster(s)
  3953 | D:5      | XOM: medium Trmt miscast
  3989 | D:5      | Gained mutation: Your spells are a little easier to cast, but a little less powerful. [mutagenic glow]
  4255 | D:5      | Reached XP level 8. HP: 53/60 MP: 8/8
  4360 | D:5      | Found a snail-covered altar of Cheibriados.
  4360 | D:5      | XOM: chaos upgrade
  4760 | D:5      | XOM: harmless Erth miscast
  4820 | D:5      | Found a shimmering altar of Xom.
  4847 | D:5      | XOM: medium Necr miscast
  5101 | D:6      | XOM: harmless Air miscast
  5148 | D:6      | XOM: harmless Ice miscast
  5191 | D:6      | XOM: mild Hex miscast
  5213 | D:6      | Reached skill level 9 in Long Blades
  5262 | D:6      | Found a staircase to the Ecumenical Temple.
  5262 | D:6      | XOM: 2-stop teleportation journey
  5273 | Temple   | Entered the Ecumenical Temple
  5359 | Temple   | XOM: give mutations
  5359 | Temple   | Gained mutation: Your flesh is heat resistant. [Xom's mischief]
  5359 | Temple   | Gained mutation: Your body sometimes deteriorates upon taking damage. [Xom's mischief]
  5359 | Temple   | Gained mutation: You occasionally shout uncontrollably at your foes. [Xom's mischief]
  5391 | Temple   | XOM: stat loss: -1 Int (11/12)
  5534 | D:6      | Found a blossoming altar of Fedhas.
  5557 | D:6      | XOM: divination: detect items
  5702 | D:6      | XOM: give mutations
  5702 | D:6      | Gained mutation: Your flesh is very heat resistant. [Xom's grace]
  5702 | D:6      | Gained mutation: Your system is resistant to poisons. [Xom's grace]
  5932 | D:6      | XOM: god gift: shiny jade ring {god gift}
  5940 | D:6      | XOM: give mutations
  5940 | D:6      | Gained mutation: You are very weak. (Str -4) [Xom's mischief]
  5940 | D:6      | Lost mutation: You occasionally shout uncontrollably at your foes. [Xom's mischief]
  5940 | D:6      | Lost mutation: Your body sometimes deteriorates upon taking damage. [Xom's mischief]
  6099 | D:6      | XOM: fog
  6100 | D:6      | XOM: summons 8 friendly demons
  6158 | D:6      | XOM: vitrification
  6165 | D:6      | Reached skill level 10 in Long Blades
  6181 | D:6      | XOM: mild Conj miscast
  6343 | D:6      | Found a sparkling altar of Nemelex Xobeh.
  6472 | D:7      | XOM: harmless Trmt miscast
  6497 | D:7      | XOM: cast spell 'Necromutation'
  6502 | D:7      | Found a flagged portal.
  6520 | Bailey   | Entered a bailey
  6550 | Bailey   | Shot with a bolt by an orc warrior

Vault maps used:
D:1:      enne_arrival_octagon_isle
D:2:      ashenzari_altar_1, first_bread
D:3:      lemuel_crystal_altar, nicolae_overflow_crystal_walls,
          serial_bayou_pond_e, makhleb_heckhound_becter
D:4:      serial_shops, nicolae_shop_trees, shop, shop_scrolls, shop
D:5:      kennysheep_little_box, cheibriados_altar_wand_db, uniq_menkaure
D:6:      fedhas_altar_3, lemuel_coloured_pillars_altar,
          minmay_temple_entry_glass
D:7:      lemuel_crystal_altar, lightli_bailey_entry_fortress, serial_shops,
          nicolae_shop_window_shopping, shop, bh_chokoban, minivault_5
Temple:   jpeg_temple_alley_garden_8
Bailey:   bailey_polearm_2, bailey

Action                   |  1- 3 |  4- 6 |  7- 9 || total
-------------------------+-------+-------+-------++-------
Melee: Falchion          |   134 |   134 |   253 ||   521
Evoke: Deck              |       |     2 |       ||     2
  Use: Scroll            |     4 |     6 |     5 ||    15
       Potion            |     2 |     5 |     5 ||    12
 Stab: Sleeping          |       |     1 |       ||     1
       Paralysed         |       |     1 |     8 ||     9
       Confused          |       |       |     1 ||     1
  Eat: Chunk             |     1 |     6 |     9 ||    16
       Royal jelly       |       |       |     1 ||     1
